 Dungeon Crawl Stone Soup version 0.31-a0-986-g5e6e4ef867 (webtiles) character file.

Game seed: 8491692438095852980

1299 avis the Nimble (level 8, 36/36 HPs)
             Began as a Felid Shapeshifter on Nov 23, 2023.
             Was an Initiate of Gozag.
             Got out of the dungeon alive.
             The game lasted 00:24:04 (6263 turns).

avis the Nimble (Felid Shapeshifter)                Turns: 6263, Time: 00:24:04

Health: 36/36      AC:  2    Str: 10    XL:     8   Next: 31%
Magic:  9/9        EV: 23    Int: 11    God:    Gozag
Gold:   314        SH:  0    Dex: 18    Spells: 5/7 levels left
                                        Lives:  0   Deaths: 3

rFire   . .          .
                       - Unarmed
rCold   . . .        (shield unavailable)
rNeg    . . .        (body armour unavailable)
rPois   .            (helmet unavailable)
rElec   .            (cloak unavailable)
rCorr   +            (gloves unavailable)
SInv    +            (boots unavailable)
Will    +....        (no amulet)
Stlth   +            g - ring of resist corrosion
HPRegen 0.26/turn    (no ring)
MPRegen 0.11/turn

%: no passive effects
@: flux-form, glowing, quick
A: glow, contaminating, very small, claws 1, fangs 3, see invisible, speed 1,
shaggy fur 2, stealthy paws, no weapons or thrown items, no armour, multi-lived
a: Begin Untransformation, Renounce Religion, Potion Petition, Call Merchant,
Bribe Branch


You escaped.
You worshipped Gozag.
Gozag was aware of your devotion.
You were something dangerously unstable.
You visited 2 branches of the dungeon, and saw 7 of its levels.

You collected 381 gold pieces.
You paid 67 gold pieces to Gozag.

Inventory:

Jewellery
 g - a ring of resist corrosion (left paw)
Talismans
 f - a flux talisman (active)
Wands
 c - a wand of flame (27)
Scrolls
 a - 5 scrolls of amnesia {unknown}
 d - a scroll of silence
 e - 2 scrolls of revelation
 h - 2 scrolls of immolation {unknown}
 i - a scroll of blinking {unknown}
 k - a scroll of fear {unknown}
 m - 4 scrolls of teleportation {unknown}
 p - a scroll of fog {unknown}
Potions
 b - a potion of attraction {unknown}
 j - a potion of heal wounds
 l - 2 potions of curing
 n - 2 potions of ambrosia
 o - a potion of enlightenment {unknown}


   Skills:
 * Level 4.6 Fighting
 - Level 9.0 Dodging
 - Level 3.0 Unarmed Combat
 - Level 7.0 Shapeshifting


You had 5 spell levels left.
You knew the following spells:

 Your Spells              Type           Power      Damage    Failure   Level
b - Blink                 Tloc           0%         N/A       47%         2

Your spell library contained the following spells:

 Spells                   Type           Power      Damage    Failure   Level
 Sandblast                Erth           0%         2d4       34%         1
 Lesser Beckoning         Tloc           0%         N/A       47%         2
 Momentum Strike          Conj/Tloc      0%         3d8       47%         2
 Passwall                 Tmut/Erth      0%         N/A       47%         2
 Poisonous Vapours        Pois/Air       0%         N/A       47%         2
 Gell's Gravitas          Tloc           0%         N/A       71%         3
 Mephitic Cloud           Conj/Pois/Air  0%         N/A       71%         3
 Stone Arrow              Conj/Erth      0%         3d7       71%         3
 Teleport Other           Tloc           0%         N/A       71%         3
 Brom's Barrelling Bould  Conj/Erth      0%         2d3       98%         4
 Freezing Cloud           Conj/Ice/Air   0%         6-21      100%        5
 Dispersal                Tloc           0%         N/A       100%        6


Dungeon Overview and Level Annotations

Branches:
Dungeon (6/15)             Temple (1/1) D:5

Altars:
Ashenzari
Cheibriados
Elyvilon
Fedhas
Gozag
Hepliaklqana
Kikubaaqudgha
Makhleb
Nemelex Xobeh
Okawaru
Ru
Sif Muna
Trog
Uskayaw
Vehumet
Xom
Yredelemnul
Zin
The Shining One

Shops:
D:4 :?   D:5 ?

Annotations:
D:6 Menkaure


Innate Abilities, Weirdness & Mutations

You are something dangerously unstable.
You glow with magical radiation, making you easy to see and hit.
Foes you strike become dangerously contaminated with magical radiation.
You have sharp claws.
You have razor-sharp teeth.
You have supernaturally acute eyesight. (SInv)
You cover ground quickly. (Speed+)
You are covered in thick fur. (AC +2)
Your paws help you pounce on unaware monsters.
You are incapable of wielding weapons or throwing items.
You cannot wear armour.
You gain extra lives every three experience levels.


Message History

You see here a +0 hand axe.
Things that are here:
a +0 morningstar; a +0 mace; a +0 hand axe The adder misses you.
You scratch the adder.
The adder begins to glow.
You bite the adder.
You kill the adder!
You scratch the wight but do no damage.
The wight begins to glow.
The wight hits you with a +3 scimitar!
* * * LOW HITPOINT WARNING * * *
You feel drained.
You die...
Your shape twists and changes as you die.
You rejoin the land of the living...
What level of the Dungeon? (default 5, ? - help) Sorry, I don't know how to get there.
What level of the Dungeon? (default 1, ? - help)
Found a leather armour.
There is a stone staircase leading up here.
You climb upwards.
There is a stone staircase leading down here.
There is a stone staircase leading up here.
You climb upwards.
There is a stone staircase leading down here.
There is an escape hatch in the ceiling here.
A mysterious force pulls you upwards. The hatch slams shut behind you.
There is a stone staircase leading up here.
You climb upwards.
There is a stone staircase leading down here.
You see here a +0 ring mail.
There is a stone staircase leading up here.
You climb upwards.
There is a stone staircase leading down here.
There is an open door here.
There is an open door here.
There is an open door here.
There is an open door here.
There is an open door here.
There is an open door here.
There is a staircase leading out of the dungeon here.
You have escaped!

#.#.#.....# ########'##.#
#.#.#.....# #.........#.####
##.#.#.....# ####.........#.#...
...#.##########..'.........#.....
.#...######.....##.........###...
.#..........######.........# #...
.#..#######.#..'.#.........# #...
.#..........#..#'#.........# #...
.#.#.##...####'#p#.........# #...
...#.####.##...######'###### ####
.###.# #.##...#......#....# .#
#.# #.##...'......#.##.#
.###'####.######..8...#.##'##
........#..###.#......+.#...#
#....)..'......#......#.#...# #
#.......##.....########.#...# #
#.......##.........# #.##.## ##


There were no monsters in sight!

Vanquished Creatures
  A wraith (D:6)
  An ice beast (D:3)
  A centaur (D:5)
  A phantom (D:3)
  A bullfrog (D:6)
  A scorpion (D:5)
  2 wights (D:6)
  A howler monkey (D:5)
  Crazy Yiuf (D:3)
  9 hounds
  2 orc priests (D:6)
  2 sleepcaps (D:5)
  3 iguanas
  5 adders
  A shadow imp (D:5)
  2 white imps (D:5)
  A worm (D:5)
  3 dart slugs
  15 orcs
  6 ball pythons
  2 bats
  8 endoplasms
  7 giant cockroaches
  3 goblins
  4 hobgoblins
  3 quokkas
  2 frilled lizards (D:2)
  4 kobolds
  5 rats (D:2)
97 creatures vanquished.

Notes
Turn   | Place    | Note
-------+----------+-------------------------------------------
     0 | D:1      | avis the Felid Shapeshifter began the quest for the Orb.
     0 | D:1      | Reached XP level 1. HP: 9/9 MP: 2/2
   553 | D:1      | Reached XP level 2. HP: 12/13 MP: 3/3
  1379 | D:2      | Reached skill level 3 in Dodging
  1654 | D:2      | Reached XP level 3. HP: 5/16 MP: 4/4
  1867 | D:2      | Learned a level 2 spell: Blink
  2044 | D:2      | Found a faded altar of an unknown god.
  2207 | D:3      | Reached XP level 4. HP: 13/21 MP: 5/5
  2485 | D:3      | Found an iron altar of Okawaru.
  2541 | D:3      | Noticed an ice beast
  2913 | D:3      | Found a runed translucent door.
  2968 | D:4      | Found Plog's Magic Scroll Emporium.
  2975 | D:4      | Noticed a phantom
  3010 | D:3      | Slain by a phantom
  3237 | D:4      | Reached skill level 5 in Shapeshifting
  3237 | D:4      | Reached XP level 5. HP: 24/24 MP: 6/6
  3297 | D:4      | Found Firhutae's Self-Published Books.
  3866 | D:5      | Entered Level 5 of the Dungeon
  4038 | D:5      | Noticed a centaur
  4054 | D:5      | Killed a centaur
  4055 | D:5      | Gained mutation: You are covered in thick fur. (AC +2)
                  | [Felid growth]
  4055 | D:5      | Reached XP level 6. HP: 15/28 MP: 7/7
  4194 | D:5      | HP: 2/42 [hound (2)]
  4316 | D:5      | Found Vorroa's Magic Scroll Emporium.
  4655 | D:5      | Reached skill level 4 in Dodging
  4662 | D:5      | Reached XP level 7. HP: 27/31 MP: 8/8
  4743 | D:5      | Reached skill level 5 in Dodging
  4767 | D:5      | Found a staircase to the Ecumenical Temple.
  4776 | Temple   | Entered the Ecumenical Temple
  4830 | Temple   | Became a worshipper of Gozag Ym Sagoz the Greedy
  5354 | D:3      | Reached skill level 6 in Dodging
  5422 | D:3      | Noticed Crazy Yiuf
  5428 | D:3      | Slain by Crazy Yiuf
  5486 | D:3      | Killed Crazy Yiuf
  5840 | D:6      | Reached skill level 7 in Dodging
  5887 | D:6      | Reached XP level 8. HP: 29/36 MP: 9/9
  5928 | D:6      | Reached skill level 8 in Dodging
  5943 | D:6      | Reached skill level 9 in Dodging
  6076 | D:6      | Noticed Menkaure
  6118 | D:6      | Slain by a wight
  6263 | D:$      | Got out of the dungeon alive.

Illustrated notes

Levels and vault maps discovered:
D:1:      evilmike_arrival_fibonacci_small, layout_basic, minmay_pentomino_r2
D:2:      layout_loops_ring, shapermc_ecumenical_altar_venn
D:3:      layout_rooms, mainiacjoe_overflow_24_doors,
          amcnicky_mini_corridor_feature, minivault_24, uniq_crazy_yiuf_cottage
D:4:      layout_cave_pods, nicolae_stop_n_shop_2, nicolae_custom_books,
          minmay_between
D:5:      layout_basic, minmay_temple_entry_nine_rooms, serial_shops,
          nicolae_shop_peninsula
D:6:      layout_basic, grunt_ministairs_6, nicolae_figureground_pulse,
          uniq_menkaure
Temple:   dpeg_five_rooms_temple

Skill      XL: |  1  2  3  4  5  6  7  8 |
---------------+-------------------------+-----
Fighting       | 2 3 4 |  4.6
Dodging        | 3 4 7 9 |  9.0
Shapeshifting  | 4 5 6 7 |  7.0
Unarmed Combat | |  3.0

Action                     |  1- 3 |  4- 6 |  7- 9 || total
---------------------------+-------+-------+-------++-------
  Melee: Unarmed           |    99 |   120 |   116 ||   335
         Bite              |     9 |    15 |    23 ||    47
         Punch             |     2 |     5 |       ||     7
    Use: Scroll            |     4 |       |     4 ||     8
         Potion            |       |     1 |     1 ||     2
   Stab: Sleeping          |       |     4 |       ||     4
         Distracted        |       |       |     1 ||     1
 Armour: Skin              |    20 |    34 |    34 ||    88
  Dodge: Dodged            |    77 |    88 |    83 ||   248
   Form: Flux              |       |     1 |       ||     1

Table legend: (Time is in decaauts)
 A = Elapsed time spent in this place.
 B = Non-inter-level travel time spent in this place.
 C = Inter-level travel time spent in this place.
 D = Time resting spent in this place.
 E = Time spent auto-exploring this place.
 F = Levels seen in this place.
 G = Mean time per level.
                   A        B        C        D        E       F      G
               +--------+--------+--------+--------+--------+-----+--------+
         Total |   5331 |   4714 |    617 |    946 |   2623 |   7 |  761.6 |
       Dungeon |   5239 |   4704 |    535 |    946 |   2623 |   6 |  873.2 |
        Temple |     91 |     10 |     81 |      0 |      0 |   1 |   91.0 |
               +--------+--------+--------+--------+--------+-----+--------+

Top non-repeatable levels by time:
     D:1: 1228 daAuts
     D:5: 1209 daAuts
     D:3: 962 daAuts
     D:4: 821 daAuts
     D:2: 688 daAuts
     D:6: 330 daAuts
  Temple: 91 daAuts
